 Dungeon Crawl Stone Soup version 0.27-a0-562-g0d39f094a4 (webtiles) character file.

Game seed: 3018160190236926746

924 porpoise the Basher (level 7, -3/66 HPs)
             Began as a Minotaur Delver on Mar 9, 2021.
             Slain by Pikel
             ... wielding a +2 whip of freezing
              (8 damage)
             ... on level 6 of the Dungeon.
             The game lasted 00:14:29 (5265 turns).

porpoise the Basher (Minotaur Delver)               Turns: 5265, Time: 00:14:29

Health: -3/66      AC:  6    Str: 24    XL:     7   Next: 84%
Magic:  6/6        EV:  9    Int:  7    God:
Gold:   258        SH:  0    Dex: 12    Spells: 6/6 levels left

rFire    . . .     SeeInvis .   a - +0 flail
rCold    . . .     Faith    .   (no shield)
rNeg     . . .     Spirit   .   v - +0 chain mail
rPois    +         Reflect  .   (helmet restricted)
rElec    .         Harm     .   D - +0 cloak
rCorr    .         Rampage  .   (no gloves)
Will     .....                  (no boots)
Stlth    ..........             (no amulet)
HPRegen  0.21/turn              s - +6 ring of strength
MPRegen  0.10/turn              w - ring of poison resistance

@: corroded, hasted, very quick
A: horns 2, retaliatory headbutt
a: no special abilities


You were on level 6 of the Dungeon.
You visited 1 branch of the dungeon, and saw 6 of its levels.

You collected 258 gold pieces.

Inventory:

Hand Weapons
 a - a +0 flail (weapon)
 b - a +3 hunting sling of freezing
Missiles
 h - 4 boomerangs of dispersal (quivered)
 l - 116 sling bullets
 n - 33 bolts
 p - 98 stones
 y - 6 boomerangs
 B - 11 poisoned darts
Armour
 v - a +0 chain mail (worn)
 D - a +0 cloak (worn)
Jewellery
 q - a ring of magical power
 s - a +6 ring of strength (left hand)
 t - a ring of wizardry
 w - a ring of poison resistance (right hand)
 x - a ring of fire
Wands
 g - a wand of digging (3)
 j - a wand of polymorph (7)
 A - a wand of flame (25)
 C - a wand of charming (8)
Scrolls
 c - 3 scrolls of fog
 d - 3 scrolls of magic mapping
 e - 3 scrolls of fear
 i - a scroll of immolation
 o - 2 scrolls of teleportation
 r - a scroll of identify {unknown}
 u - a scroll of enchant weapon
 z - a scroll of noise {unknown}
Potions
 k - 2 potions of brilliance {unknown}
 m - a potion of lignification {unknown}


   Skills:
 - Level 7.0 Fighting
 + Level 8.3 Maces & Flails
 + Level 3.9 Armour
 - Level 2.1 Dodging
 - Level 4.1 Stealth


You had 6 spell levels left.
You didn't know any spells.
Your spell library contained the following spells:

 Spells                   Type           Power      Damage    Failure   Level
 Magic Dart               Conj           0%         1d3       97%         1
 Searing Ray              Conj           0%         3d3       99%         2
 Dazzling Flash           Conj/Hex       0%         N/A       100%        3
 Fulminant Prism          Conj/Hex       0%         3d6       100%        4
 Iskenderun's Mystic Bla  Conj/Tloc      0%         2d3       100%        4


Dungeon Overview and Level Annotations

Branches:
Dungeon (6/15)
 Temple: D:4-7

Altars:
Elyvilon
Fedhas
Gozag
Hepliaklqana
Kikubaaqudgha
Makhleb
Qazlal
Sif Muna
Zin

Portals:
Abyss: D:5

Annotations:
D:3 exclusion: upstairs
D:5 2 transporters, Laraso's ghost, novice TeAK
D:6 Pikel


Innate Abilities, Weirdness & Mutations

You have a pair of horns on your head.
You reflexively headbutt those who attack you in melee.


Message History

l - 117 sling bullets (gained 1) Pikel the Slaver comes into view.
He is wielding a +2 whip of freezing, wearing a +2 robe of resistance and carrying a wand of acid (3).
Pikel shouts!
A lemure comes into view. x3
Pikel zaps a wand.
The bolt of acid hits you!! The acid corrodes you!
You are splashed with acid!
Found a robe.
You see here a sling bullet.
Unknown command.
Pikel waves his whip at you.
You are no longer corroded.
You shoot a sling bullet. The sling bullet misses the lemure.
The sling bullet hits Pikel but does no damage.
Your +3 hunting sling of freezing stops glowing.
a - a +0 flail (weapon)
The lemure barely misses you.
You closely miss the lemure. You headbutt the lemure!
The lemure is moderately wounded.
You closely miss Pikel. You headbutt Pikel!
Pikel is moderately wounded.
You hit Pikel.
Pikel is heavily wounded.
Pikel zaps a wand.
The bolt of acid hits you! The acid corrodes you!
You are splashed with acid!
* * * LOW HITPOINT WARNING * * *
You hit Pikel but do no damage. Your headbutt misses Pikel.
Pikel is heavily wounded.
Pikel hits you with a +2 whip of freezing.
* * * LOW HITPOINT WARNING * * *
Pikel freezes you.
* * * LOW HITPOINT WARNING * * *
You hit Pikel but do no damage.
Pikel is heavily wounded.
Pikel hits you with a +2 whip of freezing.
* * * LOW HITPOINT WARNING * * *
Pikel freezes you.
* * * LOW HITPOINT WARNING * * *
You feel yourself speed up.
Pikel hits you with a +2 whip of freezing!
You die...

#......K....#
###########.#
#######.# #.#
........## #.#
........†# #(#
###....<.# #.# .
#......# #5#
..#.<....# #K#
..#......# #####@#
.....##### #.....#
..#..# #.##### ..#..#
#.# . #.## #.# ###.#
#.# ...)########.#
..+...)[..##.#
..#######.##.########


You could see Pikel and a lemure.

Vanquished Creatures
  Menkaure (D:4)
  A lemure (D:6)
  2 phantoms
  A bullfrog (D:6)
  A scorpion (D:4)
  3 jellies (D:3)
  An orc priest (D:4)
  3 hounds
  Natasha (thrice) (D:4)
  2 orc wizards
  2 worker ants (D:5)
  An adder (D:3)
  A howler monkey skeleton (D:5)
  A white imp (D:5)
  10 oozes
  A worm (D:5)
  A dart slug (D:2)
  2 leopard geckos
  12 orcs
  3 giant cockroaches
  3 hobgoblins (D:3)
  5 quokkas
  A ball python zombie (D:5)
  3 bats
  3 frilled lizards (D:3)
  6 goblins
  13 kobolds
  A leopard gecko skeleton (D:4)
  10 rats
97 creatures vanquished.

Vanquished Creatures (others)
  5 fungi (D:3)
  7 toadstools (D:3)
12 creatures vanquished.

Grand Total: 109 creatures vanquished

Notes
Turn   | Place    | Note
-------+----------+-------------------------------------------
     0 | D:5      | porpoise the Minotaur Delver began the quest for the Orb.
     0 | D:5      | Reached XP level 1. HP: 19/19 MP: 0/0
    62 | D:5      | Noticed a worker ant
    69 | D:5      | Killed a worker ant
    70 | D:5      | Reached skill level 3 in Maces & Flails
    70 | D:5      | Reached XP level 2. HP: 19/28 MP: 1/1
   264 | D:5      | Reached XP level 3. HP: 30/34 MP: 2/2
   394 | D:2      | Found a shimmering blue altar of Sif Muna.
  1165 | D:1      | Reached skill level 4 in Maces & Flails
  1580 | D:2      | Reached XP level 4. HP: 34/41 MP: 3/3
  1692 | D:2      | Found an opulent altar of Gozag.
  1771 | D:2      | Reached skill level 5 in Fighting
  1928 | D:2      | Found an ancient bone altar of Kikubaaqudgha.
  2130 | D:2      | Found a white marble altar of Elyvilon.
  2369 | D:3      | Noticed a water elemental
  2371 | D:3      | Found a stormy altar of Qazlal.
  2373 | D:3      | Noticed an air elemental
  2373 | D:3      | Noticed an earth elemental
  2373 | D:3      | Noticed a fire elemental
  2414 | D:3      | Found a burning altar of Makhleb.
  2635 | D:3      | Reached XP level 5. HP: 48/48 MP: 4/4
  2644 | D:3      | Reached skill level 5 in Maces & Flails
  3044 | D:4      | Noticed a phantom
  3053 | D:4      | Killed a phantom
  3054 | D:4      | Reached XP level 6. HP: 58/58 MP: 5/5
  3070 | D:4      | Noticed Natasha
  3075 | D:4      | Reached skill level 6 in Maces & Flails
  3305 | D:4      | Killed Natasha
  3563 | D:4      | Found a hazy altar of Hepliaklqana.
  3576 | D:4      | Noticed Menkaure
  3584 | D:4      | Killed Menkaure
  3585 | D:4      | Reached skill level 7 in Maces & Flails
  3585 | D:4      | Reached XP level 7. HP: 64/66 MP: 6/6
  3585 | D:4      | Noticed Natasha
  3610 | D:4      | Killed Natasha
  3883 | D:4      | Found a glowing silver altar of Zin.
  4181 | D:4      | Noticed Natasha
  4187 | D:4      | Killed Natasha
  4188 | D:4      | Reached skill level 1 in Armour
  4635 | D:5      | Found a transporter.
  5027 | D:5      | Found a transporter.
  5027 | D:5      | Found a one-way gate to the infinite horrors of the Abyss.
  5027 | D:5      | Identified the +5 dagger "Baschidwa" {distort, Int+2}
  5027 | D:5      | Noticed Laraso's ghost (novice TeAK)
  5074 | D:6      | Found a blossoming altar of Fedhas.
  5086 | D:6      | Reached skill level 8 in Maces & Flails
  5233 | D:6      | Noticed Pikel
  5265 | D:6      | Slain by Pikel

Illustrated notes

Levels and vault maps discovered:
D:1:      scummos_arrival_gate, layout_basic, minmay_rat_gold_closets
D:2:      layout_rooms, nicolae_overflow_crystal_walls, general_overflow_altar,
          nicolae_overflow_hidden_temple, lemuel_round_altar
D:3:      cheibrodos_fertilizer, layout_basic, nicolae_qazlal_style_of_elements,
          lemuel_round_altar
D:4:      layout_basic, zin_treasury, nzn_hepliaklqana_mist_gate, uniq_natasha,
          uniq_menkaure
D:5:      layout_cave_pools, gammafunk_ghost_abyssal_escape
D:6:      lemuel_ice_spiral_2, layout_basic, fiery_altar_vehumet,
          old_standard_altar, minmay_temple_entry_hall, uniq_edmund,
          uniq_maggie, uniq_pikel

Skill      XL: |  1  2  3  4  5  6  7 |
---------------+----------------------+-----
Fighting       | 4 5 6 7 |  7.0
Maces & Flails | 3 4 5 7 8 |  8.3
Armour         | 3 |  3.9
Dodging        | |  2.1
Stealth        | |  4.1

Action                   |  1- 3 |  4- 6 |  7- 9 || total
-------------------------+-------+-------+-------++-------
Melee: Mace              |    61 |    54 |    19 ||   134
       Headbutt          |    10 |    13 |    15 ||    38
       Flail             |       |       |    51 ||    51
 Fire: Hunting sling     |       |    60 |    32 ||    92
  Use: Scroll            |       |     3 |     1 ||     4
       Potion            |       |     2 |     1 ||     3
 Stab: Sleeping          |     5 |       |       ||     5
Armor: Leather armour    |    12 |     1 |       ||    13
       Ring mail         |       |    13 |     6 ||    19
       Chain mail        |       |       |    21 ||    21
Dodge: Dodged            |    34 |    33 |    23 ||    90

Table legend: (Time is in decaauts)
 A = Elapsed time spent in this place.
 B = Non-inter-level travel time spent in this place.
 C = Inter-level travel time spent in this place.
 D = Time resting spent in this place.
 E = Time spent auto-exploring this place.
 F = Levels seen in this place.
 G = Mean time per level.
                   A        B        C        D        E       F      G
               +--------+--------+--------+--------+--------+-----+--------+
         Total |   5300 |   5041 |    259 |   1517 |   2106 |   6 |  883.3 |
       Dungeon |   5300 |   5041 |    259 |   1517 |   2106 |   6 |  883.3 |
               +--------+--------+--------+--------+--------+-----+--------+

Top non-repeatable levels by time:
     D:3: 1264 daAuts
     D:4: 1257 daAuts
     D:1: 922 daAuts
     D:5: 888 daAuts
     D:2: 747 daAuts
     D:6: 219 daAuts
